 Dungeon Crawl Stone Soup version 0.22-a0-469-gf26638a71f (webtiles) character file.

20085 Rrauwl the Severer (level 12, -4/102 HPs)
             Began as a Hill Orc Abyssal Knight on June 9, 2018.
             Was a High Priest of Lugonu.
             Slain by a cyan ugly thing (14 damage)
             ... on level 11 of the Dungeon on June 10, 2018.
             The game lasted 00:43:07 (13159 turns).

Rrauwl the Severer (Hill Orc Abyssal Knight)       Turns: 13159, Time: 00:43:08

Health: -4/102     AC: 19    Str: 26    XL:     12   Next: 75%
Magic:  19/19      EV:  8    Int: 15    God:    Lugonu [*****.]
Gold:   700        SH: 18    Dex: 14    Spells: 11/11 levels left

rFire    . . .     SeeInvis .   a - +1 war axe (chop)
rCold    . . .     Gourm    .   f - +1 large shield
rNeg     . . .     Faith    .   D - +2 chain mail {MR+}
rPois    .         Spirit   .   z - +2 hat {Int+3}
rElec    .         Reflect  .   l - +0 cloak
rCorr    .         Harm     .   (no gloves)
MR       +....                  m - +0 pair of boots
Stlth    ..........             G - amulet of magic regeneration
HPRegen  0.27/turn              B - +4 ring of strength
MPRegen  0.41/turn              j - +4 ring of dexterity

@: no status effects
A: thin metallic scales 1, strong 1, MP-powered wands
a: Depart the Abyss, Bend Space, Banish, Corrupt, Enter the Abyss, Renounce
Religion


You were on level 11 of the Dungeon.
You worshipped Lugonu.
Lugonu was extremely pleased with you.
You were not hungry.

You visited 3 branches of the dungeon, and saw 13 of its levels.
You visited the Abyss 1 time.
You also visited: Ice Cave.

You collected 700 gold pieces.

Inventory:

Hand Weapons
 a - a +1 war axe of chopping (weapon)
 b - a +0 whip of freezing
 A - a +0 broad axe
Missiles
 d - 4 throwing nets (quivered)
Armour
 f - a +1 large shield (worn)
 l - a +0 cloak (worn)
 m - a +0 pair of boots (worn)
 z - a +2 hat of intelligence (worn)
 D - a +2 chain mail of magic resistance (worn)
Jewellery
 c - an uncursed ring of magical power
 h - an uncursed ring of resist corrosion
 j - a +4 ring of dexterity (right hand)
 u - an uncursed ring of positive energy
 v - an uncursed ring of poison resistance
 B - a +4 ring of strength (left hand)
 G - an amulet of magic regeneration (around neck)
Wands
 r - a wand of digging (12)
 w - a wand of paralysis (18)
 y - a wand of flame (14)
Scrolls
 g - a scroll of magic mapping
 i - 9 scrolls of identify
 k - 5 scrolls of teleportation
 n - 3 scrolls of enchant weapon
 p - 4 scrolls of fog
 s - a scroll of enchant armour
 t - 2 scrolls of remove curse
 C - a scroll of silence
Potions
 q - 3 potions of curing
 x - 2 potions of brilliance
 F - a potion of cancellation
Miscellaneous
 o - a lamp of fire
Comestibles
 e - 18 rations
 E - 10 chunks of flesh


   Skills:
 + Level 8.2 Fighting
 + Level 16.8 Axes
 + Level 7.9 Armour
 + Level 4.9 Dodging
 + Level 7.9 Shields
 + Level 10.0 Invocations
 + Level 4.3 Evocations


You had 11 spell levels left.
You didn't know any spells.
Your spell library contained the following spells:

 Spells                   Type           Power        Failure   Level  Hunger
 Summon Small Mammal      Summ           #...         100%        1    ##.....
 Summon Ice Beast         Ice/Summ       #.......     100%        4    #####..
 Call Imp                 Summ           #.......     100%        2    ###....
 Regeneration             Chrm/Necr      #.........   100%        3    ####...
 Call Canine Familiar     Summ           #.......     100%        3    ####...
 Shroud of Golubria       Chrm/Tloc      #.........   100%        2    ###....
 Infusion                 Chrm           #...         100%        1    ##.....
 Song of Slaying          Chrm           #.......     100%        2    ###....
 Spectral Weapon          Hex/Chrm       #.......     100%        3    ####...
 Summon Lightning Spire   Summ/Air       #.......     100%        4    #####..
 Summon Guardian Golem    Hex/Summ       #.......     100%        3    ####...


Dungeon Overview and Level Annotations

Branches:
Dungeon (11/15)            Temple (1/1) D:5            Lair (1/6) D:10
    Orc: D:9-12

Altars:
Ashenzari
Cheibriados
Dithmenos
Elyvilon
Fedhas
Gozag
Hepliaklqana
Kikubaaqudgha
Makhleb
Nemelex Xobeh
Okawaru
Qazlal
Ru
Sif Muna
Trog
Uskayaw
Vehumet
Wu Jian
Xom
Yredelemnul
Zin
The Shining One
Beogh

Shops:
D:8 *


Innate Abilities, Weirdness & Mutations

You are partially covered in thin metallic scales. (AC +2)
Your muscles are strong. (Str +2)
You expend magic power (3 MP) to strengthen your wands.


Message History

Your shield prevents you from hitting the cyan ugly thing.
The cyan ugly thing is heavily wounded.
You block the cyan ugly thing's attack.
Unknown command.
You hit the cyan ugly thing but do no damage.
The cyan ugly thing is heavily wounded.
You block the cyan ugly thing's attack.
Unknown command.
You closely miss the cyan ugly thing.
The cyan ugly thing is heavily wounded.
The cyan ugly thing trunk-slaps you but does no damage.
You slash the cyan ugly thing!
The cyan ugly thing is severely wounded.
You block the cyan ugly thing's attack.
You closely miss the cyan ugly thing.
The cyan ugly thing is severely wounded.
The cyan ugly thing trunk-slaps you.
* * * LOW HITPOINT WARNING * * *
The cyan ugly thing shocks you!
You die...

,,,,,,........#..####+#*,...,**,,
,,,,,,........#...#,,,,+,,..,,,,,
,,,,,,........'...#,,,,*,,,.,,,,,
,,,,,,........##'##,,,**,**,,****
****##+#####......#,,,##***,,**,,
,,,,+......#......#,,...,,,,,,*,,
,,,,#>....).......#...,,,,,,,,+,,
,**,####+#..#..(..#'####*******,,
.#*,*#.....#)#).@.......,,,,,,,,,
..,,,#....#(..#.u.......,,,,,,,,,
..,,,#(...(#)#.(........,,,,,,,,,
.#*###.)(().#...........,,,,,,,,,
.###...(###.......######*********
...#...)#.......[.#,,,,,,,*,,,,*,
...#....#....'....#,,,,,,,*,,,,*,
...+....#....#....#,,,,,,,*,,,,+,
#'##....#..###....#******,***,***


You could see a cyan ugly thing.

Vanquished Creatures
  Gastronok (D:9)
  Josephine (D:11)
  5 two-headed ogres
  2 tengu warriors (D:10)
  A death yak (D:10)
  An unseen horror (D:10)
  Pikel (D:5)
  3 ugly things
  A cyclops (D:11)
  A manticore (D:10)
  Maurice (D:8)
  3 hippogriffs
  9 yaks
  A wyvern (D:10)
  4 wraiths
  A steam dragon (D:11)
  5 hungry ghosts
  3 black bears
  4 ice beasts
  7 orc warriors
  2 slaves (D:5)
  An eye of draining (D:11)
  A sky beast (D:6)
  A hornet zombie (D:6)
  7 ogres
  6 centaurs
  3 crocodiles (D:10)
  6 bullfrogs
  A scorpion (D:5)
  3 killer bees (D:10)
  3 wights (D:6)
  5 electric eels (D:10)
  12 howler monkeys
  A bullfrog zombie (D:11)
  9 crimson imps
  A quasit (D:6)
  4 hounds
  3 jellies
  3 bullfrog skeletons
  3 centaur skeletons
  8 orc priests
  15 orc wizards
  Terence (D:2)
  2 iguanas
  2 worker ants
  A hound skeleton (D:7)
  A worker ant zombie (D:5)
  10 adders
  2 shadow imps
  3 oozes
  2 adder zombies (D:9)
  3 worms
  3 dart slugs
  4 leopard geckos
  45 orcs
  3 bats
  5 giant cockroaches
  7 goblins
  8 hobgoblins
  6 jackals
  5 kobolds
  3 quokkas
  A ball python (D:1)
  4 frilled lizards
  A quokka skeleton (D:3)
  8 rats
283 creatures vanquished.

Vanquished Creatures (others)
  A gargoyle (D:11)
  4 ice beasts (IceCv)
  4 starspawn tentacles (IceCv)
9 creatures vanquished.

Grand Total: 292 creatures vanquished

Notes
Turn   | Place    | Note
-------+----------+-------------------------------------------
     0 | Abyss:1  | Rrauwl the Hill Orc Abyssal Knight began the quest for the Orb.
     0 | Abyss:1  | Reached XP level 1. HP: 19/19 MP: 2/2
    14 | Abyss:1  | Found a hazy altar of Hepliaklqana.
    85 | Abyss:1  | Noticed a thrashing horror
    85 | Abyss:1  | Noticed a worldbinder
    87 | D:1      | Escaped the Abyss
    92 | D:1      | Gained mutation: You are partially covered in thin metallic scales. (AC +2) [potion of mutation]
    92 | D:1      | Gained mutation: Your muscles are strong. (Str +2) [potion of mutation]
    92 | D:1      | Gained mutation: You expend magic power (3 MP) to strengthen your wands. [potion of mutation]
   233 | D:1      | You fall through a shaft!
   290 | D:1      | Reached skill level 1 in Dodging
   290 | D:1      | Reached XP level 2. HP: 27/27 MP: 3/3
   294 | D:1      | Reached skill level 3 in Axes
   316 | D:1      | Reached * piety under Lugonu
   558 | D:1      | Reached XP level 3. HP: 31/33 MP: 5/5
   961 | D:2      | Noticed Terence
  1253 | D:2      | Killed Terence
  1253 | D:2      | Reached XP level 4. HP: 28/40 MP: 6/6
  1436 | D:3      | Reached skill level 1 in Shields
  1834 | D:3      | Reached skill level 4 in Axes
  1834 | D:3      | Reached XP level 5. HP: 43/46 MP: 8/8
  2036 | D:3      | Found a roughly hewn altar of Beogh.
  2051 | D:3      | Reached ** piety under Lugonu
  2107 | D:3      | Reached skill level 5 in Axes
  2153 | D:3      | Reached XP level 6. HP: 47/52 MP: 9/9
  2968 | D:4      | Reached skill level 6 in Axes
  3542 | D:4      | Reached XP level 7. HP: 59/59 MP: 10/10
  3610 | D:5      | Entered Level 5 of the Dungeon
  3691 | D:5      | Found a staircase to the Ecumenical Temple.
  3842 | Temple   | Entered the Ecumenical Temple
  4270 | D:5      | Reached *** piety under Lugonu
  4536 | D:5      | Noticed Pikel
  4610 | D:5      | Killed Pikel
  4610 | D:5      | Reached skill level 5 in Fighting
  4610 | D:5      | Reached skill level 7 in Axes
  4610 | D:5      | Reached skill level 5 in Shields
  4610 | D:5      | Reached skill level 5 in Invocations
  4610 | D:5      | Reached XP level 8. HP: 68/68 MP: 10/12
  5140 | D:6      | Reached skill level 5 in Armour
  5140 | D:6      | Reached XP level 9. HP: 44/75 MP: 13/13
  5191 | D:6      | Reached skill level 8 in Axes
  5625 | D:6      | Found a glowing silver altar of Zin.
  5740 | D:6      | Reached **** piety under Lugonu
  6060 | D:6      | Reached skill level 9 in Axes
  6060 | D:6      | HP: 2/75 [orc warrior/war axe (14)]
  6400 | D:7      | Reached skill level 10 in Axes
  6751 | D:7      | Found a white marble altar of Elyvilon.
  6763 | D:7      | Reached XP level 10. HP: 53/83 MP: 16/16
  6861 | D:7      | Reached skill level 11 in Axes
  7285 | D:8      | Found Biennih's Changing Room.
  7300 | D:8      | Noticed a two-headed ogre
  7314 | D:8      | Killed a two-headed ogre
  7314 | D:8      | Reached skill level 12 in Axes
  7545 | D:8      | Noticed Maurice
  7560 | D:8      | Killed Maurice
  7616 | D:8      | Reached skill level 13 in Axes
  7705 | D:8      | You are sucked into a shaft for 2 floors!
  7705 | D:10     | Entered Level 10 of the Dungeon
  7705 | D:10     | Noticed a two-headed ogre
  7705 | D:10     | Noticed a two-headed ogre
  7717 | D:10     | Killed a two-headed ogre
  7727 | D:10     | Killed a two-headed ogre
  7727 | D:10     | Reached skill level 14 in Axes
  7920 | D:10     | Noticed a manticore
  7931 | D:10     | Killed a manticore
  7945 | D:10     | Reached skill level 15 in Axes
  7945 | D:10     | Reached XP level 11. HP: 13/89 MP: 17/17
  8041 | D:10     | Reached ***** piety under Lugonu
  8966 | D:10     | Noticed a green ugly thing
  8995 | D:10     | Killed a green ugly thing
  8995 | D:10     | Reached skill level 16 in Axes
  9305 | D:10     | Found a staircase to the Lair.
  9343 | D:10     | Killed an unseen horror
  9343 | D:10     | Reached skill level 1 in Evocations
  9632 | D:10     | Noticed a death yak
  9828 | D:10     | Killed a death yak
 10255 | D:10     | Noticed a tengu warrior
 10296 | D:10     | Killed a tengu warrior
 10481 | D:10     | Noticed a tengu warrior
 10527 | D:10     | Killed a tengu warrior
 10800 | Lair:1   | Entered Level 1 of the Lair of Beasts
 10800 | Lair:1   | Noticed an eight-headed hydra
 11242 | D:9      | Upgraded the game from 0.22-a0-460-g49b1da7e92 to 0.22-a0-469-gf26638a71f
 11390 | D:9      | Noticed Gastronok
 11412 | D:9      | Killed Gastronok
 11412 | D:9      | Reached XP level 12. HP: 58/100 MP: 18/18
 11717 | D:11     | Found a frozen archway.
 11751 | D:11     | Noticed a two-headed ogre
 11762 | D:11     | Killed a two-headed ogre
 11771 | D:11     | Noticed Josephine
 11790 | D:11     | Killed Josephine
 11875 | D:11     | Noticed a two-headed ogre
 11887 | D:11     | Killed a two-headed ogre
 12105 | IceCv    | Entered an ice cave
 12114 | IceCv    | Found a transporter.
 12118 | IceCv    | Corrupted IceCv
 12118 | IceCv    | Noticed a rakshasa
 12118 | IceCv    | Noticed a tentacled starspawn
 12118 | IceCv    | Noticed a bone dragon
 12119 | IceCv    | Noticed a tentacled starspawn
 12124 | IceCv    | Noticed a bone dragon
 12127 | IceCv    | Noticed a lich
 12131 | IceCv    | Noticed a starcursed mass
 12132 | IceCv    | HP: 2/101 [tentacled starspawn[Lugonu's corruption] (10)]
 12139 | IceCv    | Noticed a tentacled starspawn
 12547 | IceCv    | Found a transporter.
 12922 | D:11     | Paralysed by an orc for 6 turns
 13022 | D:11     | Reached skill level 10 in Invocations
 13159 | D:11     | Slain by a cyan ugly thing

Vault maps used:
D:1:      dpeg_arrival_round_c
D:2:      minmay_heptomino_l4, uniq_terence
D:3:      kennysheep_big_flooded_room, first_ration, kennysheep_orc_chapel
D:5:      minmay_temple_entry_statues, uniq_pikel
D:6:      basic_altar, gup_sewer_entry_bowl
D:7:      old_standard_altar
D:8:      grunt_ogre_cave, nicolae_transmutations_shop, uniq_maurice
D:9:      uniq_gastronok
D:10:     cheibrodos_iron_armory, david_lair_generic
D:11:     portal_ice_cave_entry_pillars_2, uniq_josephine
Temple:   kilobyte_greek_temple
Abyss:1:  hangedman_cross_veins
IceCv:    ice_cave_statue_garden_transporter

Skill      XL: |  1  2  3  4  5  6  7  8  9 10 11 12 |
---------------+-------------------------------------+-----
Dodging        | 1 2 3 4 |  4.9
Axes           | 3 4 5 6 7 10 15 16 | 16.8
Invocations    | 3 4 5 6 8 9 10 | 10.0
Fighting       | 4 5 6 7 8 |  8.2
Armour         | 3 4 5 6 7 |  7.9
Shields        | 1 3 4 5 6 7 |  7.9
Evocations     | 3 4 |  4.3

Action                   |  1- 3 |  4- 6 |  7- 9 | 10-12 || total
-------------------------+-------+-------+-------+-------++-------
Melee: Hand axe          |   109 |    17 |       |       ||   126
       War axe           |       |   175 |   436 |   674 ||  1285
Invok: Depart the Abyss  |     1 |       |       |       ||     1
       Banish            |       |       |       |     2 ||     2
       Corrupt           |       |       |       |     1 ||     1
Evoke: Wand              |       |       |       |     4 ||     4
  Use: Potion            |     3 |     3 |     5 |    12 ||    23
       Scroll            |     1 |     7 |       |    14 ||    22
  Eat: Chunk             |     1 |     8 |     8 |    15 ||    32
       Ration            |       |       |     1 |     5 ||     6
Armor: Leather armour    |    23 |     8 |       |       ||    31
       Chain mail        |       |    92 |   124 |     4 ||   220
       Skin              |       |       |     8 |    10 ||    18
       Plate armour      |       |       |    52 |   254 ||   306
Dodge: Dodged            |    63 |    23 |    58 |    76 ||   220
Block: Large shield      |    18 |   124 |   361 |   477 ||   980

Table legend:
 A = Spawn XP
 B = Non-spawn XP
 C = Spawn XP percentage of total XP
 D = Spawn monster count
 E = Non-spawn monster count
 F = Spawn count percentage of total count
 G = Total turns spent on level
                    A         B        C        D         E        F      G
               +---------+---------+-------+---------+---------+-------+---------
         Total |       0 |   28693 |   0.0 |       0 |     284 |   0.0 | 13159
               +---------+---------+-------+---------+---------+-------+---------
           D:1 |       0 |      35 |   0.0 |       0 |      16 |   0.0 |   518
           D:2 |       0 |      70 |   0.0 |       0 |      11 |   0.0 |  1186
           D:3 |       0 |     392 |   0.0 |       0 |      50 |   0.0 |  1069
           D:4 |       0 |     127 |   0.0 |       0 |       7 |   0.0 |   750
           D:5 |       0 |    1184 |   0.0 |       0 |      19 |   0.0 |   988
           D:6 |       0 |    2303 |   0.0 |       0 |      39 |   0.0 |  1449
           D:7 |       0 |     667 |   0.0 |       0 |      17 |   0.0 |   953
           D:8 |       0 |    1871 |   0.0 |       0 |      12 |   0.0 |   483
           D:9 |       0 |    3356 |   0.0 |       0 |      23 |   0.0 |   720
          D:10 |       0 |   10791 |   0.0 |       0 |      50 |   0.0 |  3211
          D:11 |       0 |    6765 |   0.0 |       0 |      34 |   0.0 |   701
         IceCv |       0 |    1132 |   0.0 |       0 |       6 |   0.0 |   817
               +---------+---------+-------+---------+---------+-------+---------
